 Dungeon Crawl Stone Soup version 0.28.0 (webtiles) character file.

Game seed: 11463449851326078041

32 trckry the Vexing (level 3, -1/35 HPs)
             Began as an Ogre Arcane Marksman on Feb 12, 2022.
             Was a Follower of Sif Muna.
             Slain by an adder (4 damage)
             ... on level 2 of the Dungeon.
             The game lasted 00:06:50 (2130 turns).

trckry the Vexing (Ogre Arcane Marksman)            Turns: 2130, Time: 00:06:50

Health: -1/35      AC:  3    Str: 14    XL:     3   Next: 27%
Magic:  5/5        EV: 10    Int: 16    God:    Sif Muna [*.....]
Gold:   53         SH:  0    Dex:  9    Spells: 4/5 levels left

rFire   . . .      SeeInvis .   a - +0 short sword
rCold   . . .      Faith    .   (no shield)
rNeg    . . .      Spirit   .   d - +0 robe
rPois   .          Reflect  .   (helmet restricted)
rElec   .          Harm     .   (no cloak)
rCorr   .          Rampage  .   (gloves unavailable)
Will    .....                   (boots unavailable)
Stlth   +.........              (no amulet)
HPRegen 0.11/turn               (no ring)
MPRegen 0.09/turn               (no ring)

@: no status effects
A: large, unfitting armour, tough skin 1
a: Renounce Religion, Channel Magic


You were on level 2 of the Dungeon.
You worshipped Sif Muna.
Sif Muna was aware of your devotion.
You visited 1 branch of the dungeon, and saw 2 of its levels.

You collected 53 gold pieces.

Inventory:

Hand Weapons
 a - a +0 short sword (weapon)
Armour
 d - a +0 robe (worn)
 f - a +0 kite shield
Scrolls
 g - a scroll of identify {unknown}
Potions
 e - a potion of curing {unknown}


   Skills:
 + Level 2.2 Fighting
 + Level 2.4 Throwing
 - Level 2.0 Dodging
 + Level 1.8 Spellcasting
 - Level 3.0 Hexes
 + Level 0.2 Invocations


You had 4 spell levels left.
You knew the following spells:

 Your Spells              Type           Power      Damage    Failure   Level
a - Slow                  Hex            44%        N/A       6%          1

Your spell library contained the following spells:

 Spells                   Type           Power      Damage    Failure   Level
 Corpse Rot               Necr/Air       2%         N/A       32%         2
 Inner Flame              Hex/Fire       6%         N/A       34%         3
 Portal Projectile        Hex/Tloc       12%        N/A       34%         3
 Cause Fear               Hex            5%         N/A       52%         4
 Dispel Undead            Necr           1%         3d6       91%         4
 Death Channel            Necr           0%         N/A       100%        6


Dungeon Overview and Level Annotations

Branches:
Dungeon (2/15)

Altars:
Sif Muna


Innate Abilities, Weirdness & Mutations

You are too large for most types of armour.
You have tough skin. (AC +1)


Message History

The adder bites you. x2
You are poisoned.
The adder poisons you!
You hit the adder but do no damage.
The adder is moderately wounded.
You feel sick. The adder bites you.
* * * LOW HITPOINT WARNING * * *
You miss the adder.
The adder is moderately wounded.
You feel sick. The adder bites you.
* * * LOW HITPOINT WARNING * * *
The adder bites you but does no damage.
You closely miss the adder.
The adder is moderately wounded.
You feel sick.
You are no longer poisoned.
The adder barely misses you.
You aren't carrying any items that you can evoke.
Okay, then.
You hit the adder.
The adder is heavily wounded.
The adder bites you but does no damage. The adder barely misses you.
You barely miss the adder.
The adder is heavily wounded.
The adder barely misses you.
You miss the adder.
The adder is heavily wounded.
The adder barely misses you.
You hit the adder.
The adder is almost dead.
The adder bites you but does no damage. The adder barely misses you.
You closely miss the adder.
The adder is almost dead.
The adder barely misses you.
You barely miss the adder.
The adder is almost dead.
The adder bites you.
* * * LOW HITPOINT WARNING * * *
The adder bites you.
You die...

. ...
....#####
#....#
#...<#
#....#
##....#
#@S..(#
#......#
#......#
........#
.#.######
.... ..
## .##


You could see an adder.

Vanquished Creatures
  3 bats (D:1)
  2 endoplasms (D:1)
  A giant cockroach (D:1)
  2 goblins (D:1)
  5 hobgoblins (D:1)
  4 kobolds (D:1)
  2 quokkas (D:1)
  4 ball pythons (D:1)
  3 frilled lizards (D:1)
  2 rats (D:1)
28 creatures vanquished.

Notes
Turn   | Place    | Note
-------+----------+-------------------------------------------
     0 | D:1      | trckry the Ogre Arcane Marksman began the quest for the
                  | Orb.
     0 | D:1      | Reached XP level 1. HP: 19/19 MP: 2/2
   494 | D:1      | Reached XP level 2. HP: 28/28 MP: 4/4
  1291 | D:1      | Found a faded altar of an unknown god.
  1319 | D:1      | Prayed at the altar of an unknown god.
  1319 | D:1      | Became a worshipper of Sif Muna the Loreminder
  1319 | D:1      | Reached * piety under Sif Muna
  1402 | D:1      | Reached skill level 3 in Hexes
  1574 | D:1      | Reached XP level 3. HP: 29/35 MP: 5/5
  2123 | D:2      | HP: 5/35 [adder (2)]
  2130 | D:2      | HP: 3/35 [adder (2)]
  2130 | D:2      | Slain by an adder

Illustrated notes

Levels and vault maps discovered:
D:1:      grunt_arrival_crossed_arrows, layout_loops_cross,
          hellmonk_ecumenical_altar_heavens_door, minivault_27
D:2:      layout_rooms, basic_altar, dk_noncrumbling_4, uniq_robin

Skill      XL: |  1  2 |
---------------+-------+-----
Dodging        | 2 |  2.0
Fighting       | 2 |  2.2
Hexes          | 3 |  3.0
Throwing       | |  2.4
Spellcasting   | |  1.8
Invocations    | |  0.2

Action                   || total
-------------------------++-------
Melee: Short sword       ||   115
       Dagger            ||    30
       Punch             ||     1
Throw: Large rock        ||    17
       Throwing net      ||     2
Armor: Robe              ||    64
Dodge: Dodged            ||   103
